 Dungeon Crawl Stone Soup version 0.29.1-2-gbd0b4ee654 (webtiles) character file.

Game seed: 7406389166053191798

1323 Raikaria the Firebug (level 8, -1/58 HPs)
             Began as a Gnoll Fire Elementalist on Nov 7, 2022.
             Was an Initiate of Ru.
             Slain by a yak (13 damage)
             ... on level 5 of the Dungeon.
             The game lasted 00:18:08 (5741 turns).

Raikaria the Firebug (Gnoll Fire Elementalist)      Turns: 5741, Time: 00:18:09

Health: -1/58      AC:  5    Str: 10    XL:     8   Next: 59%
Magic:  15/17      EV: 15    Int: 14    God:    Ru [......]
Gold:   176        SH:  0    Dex: 19    Spells: 15/19 levels left

rFire   + . .      SeeInvis .   s - +2 dagger (venom)
rCold   . . .      Faith    .   (no shield)
rNeg    . . .      Spirit   .   B - +1 leather armour {rF+}
rPois   .          Reflect  .   (no helmet)
rElec   .          Harm     .   (no cloak)
rCorr   .          Rampage  .   (no gloves)
Will    .....                   k - +0 pair of boots
Stlth   +++.......              f - amulet of the acrobat
HPRegen 0.19/turn               y - +6 ring of dexterity
MPRegen 0.15/turn               (no ring)

@: no status effects
A: fangs 1, strong nose, distributed training
a: Renounce Religion


You were on level 5 of the Dungeon.
You worshipped Ru.
Ru was noncommittal.
You visited 2 branches of the dungeon, and saw 7 of its levels.

You collected 176 gold pieces.

Inventory:

Hand Weapons
 r - a +1 whip of electrocution
 s - a +2 dagger of venom (weapon)
Missiles
 d - 46 stones (quivered)
 n - 3 atropa-tipped darts
 u - 3 boomerangs
Armour
 k - a +0 pair of boots (worn)
 B - a +1 leather armour of fire resistance (worn)
Magical Staves
 D - a staff of earth
Jewellery
 f - an amulet of the acrobat (around neck)
 y - a +6 ring of dexterity (left hand)
Wands
 q - a wand of iceblast (16)
Scrolls
 c - 4 scrolls of identify {unknown}
 g - a scroll of summoning {unknown}
 h - 2 scrolls of torment {unknown}
 i - a scroll of enchant weapon {unknown}
 l - a scroll of teleportation {unknown}
 t - a scroll of acquirement {unknown}
 v - a scroll of fear {unknown}
 w - a scroll of vulnerability {unknown}
 x - a scroll of magic mapping {unknown}
 z - a scroll of immolation {unknown}
 A - a scroll of noise {unknown}
 C - a scroll of amnesia {unknown}
Potions
 a - a potion of mutation {unknown}
 b - a potion of magic
 e - a potion of resistance {unknown}
 j - 3 potions of lignification {unknown}
 m - a potion of curing {unknown}
 o - a potion of might {unknown}
 p - a potion of degeneration {unknown}


   Skills:
 + Level 3.5 Fighting
 + Level 3.5 Short Blades
 + Level 3.5 Long Blades
 + Level 3.5 Axes
 + Level 3.5 Maces & Flails
 + Level 3.5 Polearms
 + Level 3.5 Staves
 + Level 3.5 Ranged Weapons
 + Level 3.5 Throwing
 + Level 3.5 Armour
 + Level 5.8 Dodging
 + Level 5.5 Stealth
 + Level 3.5 Shields
 + Level 3.5 Unarmed Combat
 + Level 6.2 Spellcasting
 + Level 3.6 Conjurations
 + Level 2.9 Hexes
 + Level 2.9 Summonings
 + Level 2.9 Necromancy
 + Level 2.9 Translocations
 + Level 2.9 Transmutations
 + Level 6.2 Fire Magic
 + Level 2.9 Ice Magic
 + Level 2.9 Air Magic
 + Level 2.9 Earth Magic
 + Level 2.9 Poison Magic
 + Level 3.9 Invocations
 + Level 3.5 Evocations


You had 15 spell levels left.
You knew the following spells:

 Your Spells              Type           Power      Damage    Failure   Level
a - Foxfire               Conj/Fire      72%        2x1d7     2%          1
b - Scorch                Fire           42%        2d7       2%          2
c - Slow                  Hex            48%        N/A       6%          1

Your spell library contained the following spells:

 Spells                   Type           Power      Damage    Failure   Level
 Conjure Flame            Conj/Fire      18%        6-21      8%          3
 Inner Flame              Hex/Fire       17%        N/A       10%         3
 Confusing Touch          Hex            12%        N/A       19%         3
 Vampiric Draining        Necr           12%        2d6       19%         3
 Flame Wave               Conj/Fire      18%        2d7       26%         4
 Olgreb's Toxic Radiance  Pois           12%        N/A       52%         4
 Ozocubu's Refrigeration  Ice            6%         4d8       100%        7
 Ignition                 Fire           10%        3d5       100%        8


Dungeon Overview and Level Annotations

Branches:
Dungeon (6/15)             Temple (1/1) D:4

Altars:
Ashenzari
Cheibriados
Dithmenos
Elyvilon
Fedhas
Gozag
Makhleb
Nemelex Xobeh
Qazlal
Ru
Uskayaw
Wu Jian
Yredelemnul
Zin
The Shining One

Annotations:
D:4 Eustachio
D:5 2 transporters


Innate Abilities, Weirdness & Mutations

You have very sharp teeth.
Your uncanny sense of smell can sniff out nearby items.
Your experience applies equally to all skills.


Message History

The yak is lightly wounded.
The foxfire hits the yak.
The yak is lightly wounded.
The foxfire hits the yak.
The yak is moderately wounded.
The yak gores you. The yak attacks as you move away! The yak misses you.
The yak attacks as you move away! The yak completely misses you.
The yak attacks as you move away! The yak completely misses you.
The yak attacks as you move away! The yak gores you!
There is a stone staircase leading down here.
The yak attacks as you move away! The yak closely misses you.
The yak attacks as you move away! The yak completely misses you.
You see here a yak corpse.
You hit the yak.
The yak looks as sick as possible!
The yak is moderately wounded.
You hit the yak.
The yak looks as sick as possible!
The yak is heavily wounded.
The yak gores you!
* * * LOW HITPOINT WARNING * * *
You hit the yak.
The yak looks as sick as possible!
The yak is almost dead.
The yak completely misses you. The yak attacks as you move away!
The yak gores you.
* * * LOW HITPOINT WARNING * * *
You kill the yak!
The iguana hisses menacingly.
The yak attacks as you move away! The yak closely misses you.
There is a stone staircase leading up, spattered with blood here.
Casting: Foxfire (safe; 2% risk of failure)
Confirm with . or Enter, or press ? or * to list all spells.
You conjure some foxfire!
The yak misses you.
Casting: Foxfire (safe; 2% risk of failure)
Confirm with . or Enter, or press ? or * to list all spells.
You conjure some foxfire!
The foxfire hits the yak.
The yak is lightly wounded.
The foxfire hits the yak.
The yak is lightly wounded.
The yak gores you!
You die...

#...........######
#...........#8$©.8
#...........#P./.P
#.......###.###+##
#.......# #.#S...~
#...l÷÷.# #.#~...~
#.......# #.#~...~
#v......# #.#S.♣.~
#@Y.....# #.#~...~
#.v.....# #.#S...~
#.......# #.#S...~
#.......###.###+##
#....<...##.#P.$.P
########.##.#8.©.8
#.##.######
#..#....©..
##........#


You could see a yak (ally target) and an iguana.

Vanquished Creatures
  Grinder (D:3)
  4 yaks
  A water moccasin (D:3)
  A phantom (D:4)
  Blork the orc (D:4)
  An orc priest (D:4)
  4 hounds
  Terence (D:3)
  An orc wizard (D:4)
  4 adders
  A worm (D:3)
  A dart slug (D:2)
  8 orcs
  5 endoplasms
  3 giant cockroaches
  7 goblins
  7 hobgoblins
  A quokka (D:1)
  8 ball pythons
  2 bats (D:3)
  2 frilled lizards
  10 kobolds
  2 rats (D:1)
76 creatures vanquished.

Vanquished Creatures (others)
  181 foxfires
181 creatures vanquished.

Grand Total: 257 creatures vanquished

Notes
Turn   | Place    | Note
-------+----------+-------------------------------------------
     0 | D:1      | Raikaria the Gnoll Fire Elementalist began the quest for
                  | the Orb.
     0 | D:1      | Reached XP level 1. HP: 13/13 MP: 6/6
   456 | D:1      | Found a faded altar of an unknown god.
   568 | D:1      | Reached XP level 2. HP: 19/19 MP: 4/7
  1130 | D:1      | Reached skill level 5 in Spellcasting
  1130 | D:1      | Reached XP level 3. HP: 18/25 MP: 5/9
  1575 | D:2      | Reached skill level 1 in Invocations
  1694 | D:3      | Noticed a water moccasin
  2036 | D:3      | Killed a water moccasin
  2037 | D:3      | Reached skill level 1 in Fighting
  2037 | D:3      | Reached skill level 1 in Short Blades
  2037 | D:3      | Reached skill level 1 in Long Blades
  2037 | D:3      | Reached skill level 1 in Axes
  2037 | D:3      | Reached skill level 1 in Maces & Flails
  2037 | D:3      | Reached skill level 1 in Polearms
  2037 | D:3      | Reached skill level 1 in Staves
  2037 | D:3      | Reached skill level 1 in Ranged Weapons
  2037 | D:3      | Reached skill level 1 in Throwing
  2037 | D:3      | Reached skill level 1 in Armour
  2037 | D:3      | Reached skill level 1 in Shields
  2037 | D:3      | Reached skill level 1 in Unarmed Combat
  2037 | D:3      | Reached skill level 1 in Hexes
  2037 | D:3      | Reached skill level 1 in Summonings
  2037 | D:3      | Reached skill level 1 in Necromancy
  2037 | D:3      | Reached skill level 1 in Translocations
  2037 | D:3      | Reached skill level 1 in Transmutations
  2037 | D:3      | Reached skill level 1 in Ice Magic
  2037 | D:3      | Reached skill level 1 in Air Magic
  2037 | D:3      | Reached skill level 1 in Earth Magic
  2037 | D:3      | Reached skill level 1 in Poison Magic
  2037 | D:3      | Reached skill level 1 in Evocations
  2037 | D:3      | Reached XP level 4. HP: 17/32 MP: 1/11
  2037 | D:3      | Reached XP level 5. HP: 19/37 MP: 1/12
  2125 | D:3      | Learned a level 2 spell: Scorch
  2182 | D:3      | Noticed Grinder
  2188 | D:3      | Paralysed by Grinder for 2 turns
  2193 | D:3      | Killed Grinder
  2194 | D:3      | Reached skill level 5 in Dodging
  2194 | D:3      | Reached XP level 6. HP: 6/44 MP: 3/14
  2595 | D:3      | Learned a level 1 spell: Slow
  2844 | D:3      | Found a white marble altar of Elyvilon.
  2880 | D:3      | Noticed Terence
  2898 | D:3      | Killed Terence
  3146 | D:3      | Found a snail-covered altar of Cheibriados.
  3315 | D:4      | Reached XP level 7. HP: 44/50 MP: 13/15
  3559 | D:5      | Entered Level 5 of the Dungeon
  3691 | D:5      | Noticed a yak
  3691 | D:5      | Noticed a yak
  3691 | D:5      | Noticed a yak
  3691 | D:5      | Noticed a yak
  3691 | D:5      | Noticed a yak
  3691 | D:5      | Noticed a yak
  3716 | D:4      | Killed a yak
  3717 | D:4      | Reached skill level 5 in Stealth
  4113 | D:4      | Found a staircase to the Ecumenical Temple.
  4118 | Temple   | Entered the Ecumenical Temple
  4285 | Temple   | Became a worshipper of Ru the Awakened
  4469 | D:5      | Noticed Blork the orc
  4473 | D:5      | Noticed Eustachio
  4496 | D:4      | Killed Blork the orc
  5309 | D:5      | Reached XP level 8. HP: 20/58 MP: 16/16
  5551 | D:5      | Found a transporter.
  5566 | D:5      | Found a transporter.
  5682 | D:5      | Killed a yak
  5696 | D:5      | Killed a yak
  5715 | D:5      | Killed a yak
  5741 | D:5      | Slain by a yak

Illustrated notes

Levels and vault maps discovered:
D:1:      dpeg_arrival_three_same_balls, layout_loops_ring,
          shapermc_ecumenical_altar_mp_vishouse, minmay_unequal
D:2:      layout_basic
D:3:      layout_basic, mainiacjoe_overflow_surrounded_room, lemuel_tele_altar,
          uniq_terence, uniq_grinder
D:4:      layout_rooms, temple_statues, chequers_serial_rivers_micro_a,
          dreamdust_princess_bridge, chequers_serial_rivers_small_3,
          chequers_serial_rivers_marsh, minmay_misc_feat_square, minivault_23
D:5:      gammafunk_steamed_eel, layout_gridville, uniq_blork_the_orc,
          uniq_eustachio
D:6:      layout_cave_pods, grunt_temple_overflow_cloverleaf
Temple:   oiseaux_autumnal_temple

Skill      XL: |  1  2  3  4  5  6  7  8 |
---------------+-------------------------+-----
Conjurations   | 2 3 |  3.6
Spellcasting   | 5 6 |  6.2
Invocations    | 1 2 3 |  3.9
Fighting       | 1 2 3 |  3.5
Short Blades   | 1 2 3 |  3.5
Long Blades    | 1 2 3 |  3.5
Axes           | 1 2 3 |  3.5
Maces & Flails | 1 2 3 |  3.5
Polearms       | 1 2 3 |  3.5
Staves         | 1 2 3 |  3.5
Ranged Weapons | 1 2 3 |  3.5
Throwing       | 1 2 3 |  3.5
Armour         | 1 2 3 |  3.5
Shields        | 1 2 3 |  3.5
Unarmed Combat | 1 2 3 |  3.5
Hexes          | 1 2 |  2.9
Summonings     | 1 2 |  2.9
Necromancy     | 1 2 |  2.9
Translocations | 1 2 |  2.9
Transmutations | 1 2 |  2.9
Ice Magic      | 1 2 |  2.9
Air Magic      | 1 2 |  2.9
Earth Magic    | 1 2 |  2.9
Poison Magic   | 1 2 |  2.9
Evocations     | 1 2 3 |  3.5
Dodging        | 5 |  5.8
Stealth        | 5 |  5.5
Fire Magic     | 6 |  6.2

Action                   |  1- 3 |  4- 6 |  7- 9 || total
-------------------------+-------+-------+-------++-------
Melee: Spear             |    43 |       |       ||    43
       Bite              |     4 |       |    10 ||    14
       Dagger            |    15 |    28 |    96 ||   139
       Punch             |       |     2 |     4 ||     6
Throw: Dart              |       |       |     4 ||     4
 Cast: Foxfire           |    38 |    22 |    43 ||   103
       Scorch            |       |     3 |     2 ||     5
       Slow              |       |       |     1 ||     1
 Stab: Sleeping          |     3 |     3 |     1 ||     7
Armor: Leather armour    |    14 |     8 |    30 ||    52
Dodge: Dodged            |    44 |    15 |   222 ||   281
